 Dungeon Sprint DCSS version 0.31-a0-795-g5eb97db20b (webtiles) character file.

Game seed: 5908529909374624652

2316 sircluck the Grappler (level 9, -5/153 HPs)
             Began as a Troll Berserker on Sept 19, 2023.
             Was the Champion of Trog.
             Slain by a sun demon (11 damage)
             ... summoned by an orc high priest
             ... in the Dungeon (Sprint III: "The Ten Rune Challenge").
             The game lasted 00:02:37 (512 turns).

sircluck the Grappler (Troll Berserker)              Turns: 512, Time: 00:02:37

Health: -5/153     AC:  6    Str: 31    XL:     9   Next: 18%
Magic:  8/8        EV: 12    Int:  3    God:    Trog [******]
Gold:   38         SH:  0    Dex:  9    Spells: 8/8 levels left

rFire   . .          .
                       - Unarmed
rCold   . . .        (no shield)
rNeg    . . .        o - +1 troll leather armour {Snorg}
rPois   .            (helmet restricted)
rElec   .            (no cloak)
rCorr   .            (gloves unavailable)
SInv    .            (boots unavailable)
Will    .....        (no amulet) Stlth
                     (no ring)
HPRegen 2.05/turn    (no ring)
MPRegen 0.11/turn

%: no teleportation
@: berserking, spiked, very quick
A: large, unfitting armour, claws 3, regeneration 1, shaggy fur 1, tough skin 1
a: Renounce Religion, Berserk, Trog's Hand, Brothers in Arms


You were in the Dungeon.
You worshipped Trog.
Trog was exalted by your worship.
You visited 1 branch You collected 38 gold pieces.

Inventory:

Armour
 a - a +0 animal skin
 o - a +1 troll leather armour (worn) {Snorg}
Scrolls
 g - a scroll of blinking
 h - 4 scrolls of identify
 j - a scroll of poison {unknown}
 l - a scroll of torment {unknown}
Potions
 b - a potion of curing
 c - 2 potions of heal wounds
 d - a potion of haste
 e - 2 potions of magic
 f - a potion of berserk rage
 i - 3 potions of mutation {unknown}
 k - 3 potions of enlightenment
 m - a potion of degeneration {unknown}
Miscellaneous
 n - a sack of spiders


   Skills:
 + Level 10.6 Fighting
 + Level 2.3 Armour
 + Level 10.5 Dodging
 + Level 12.4 Unarmed Combat


You had 8 spell levels left.
You didn't know any spells.
Your spell library was empty.

Dungeon Overview and Level Annotations

Branches:
Dungeon (1/1)

Altars:
Cheibriados
Dithmenos
Elyvilon
Fedhas
Gozag
Hepliaklqana
Kikubaaqudgha
Makhleb
Nemelex Xobeh
Okawaru
Qazlal
Ru
Sif Muna
Trog
Uskayaw
Vehumet
Wu Jian
Xom
Yredelemnul
Zin
The Shining One
Jiyva
Lugonu

Shops:
D =


Innate Abilities, Weirdness & Mutations

You are too large for most types of armour.
You have claws for hands.
Your natural rate of healing is unusually fast.
You are covered in fur. (AC +1)
You have tough skin. (AC +1)


Message History

The orc is moderately wounded.
The red devil disappears in a puff of smoke!
The orc barely misses you. The orc closely misses you.
You closely miss the orc.
The orc is moderately wounded.
The orc hits you with a +0 dagger.
The orc high priest mumbles some strange prayers to Beogh.
The orc hits you with a +0 falchion.
You claw the orc!
You kill the orc!
Trog accepts your kill.
You closely miss the orc. You claw the orc!
You kill the orc!
Trog accepts your kill.
You completely miss the orc high priest.
The sun demon barely misses you.
The orc high priest hits you with a +0 short sword.
You claw the orc high priest!
The orc high priest is moderately wounded.
The sun demon hits you!!
You are engulfed in flames!
The orc high priest hits you but does no damage.
A red film seems to cover your vision as you go berserk!
You feel yourself moving faster!
You feel mighty!
The sun demon hits you but does no damage.
The orc high priest invokes the aid of Beogh against you.
Beogh smites you!
You scratch the orc high priest.
The orc high priest is moderately wounded.
The sun demon hits you.
* * * LOW HITPOINT WARNING * * *
You are engulfed in flames!
* * * LOW HITPOINT WARNING * * *
You claw the orc high priest!
The orc high priest is heavily wounded.
The orc high priest hits you with a +0 short sword.
* * * LOW HITPOINT WARNING * * *
The sun demon hits you!!
* * * LOW HITPOINT WARNING * * *
You are engulfed in flames!
You die...

▓▓▓ ▓▓▓▓▓▓
##.##############$#$#$$
##..#___#___#__#$∩$$$$#$
.#..#.).#__.#÷_#.$......
.#..###'#)###)##........
'#..#.....†....#3o....
#...'.⌠........#3o$#
#...#...######'#@#
....#.⌠.#__#...#§#####
....#...#__#...#.§~~~+
....#)###__#...#.#§~~#
....#.).#__#...'.#§§§#
....#___#__'...#.#.§§#
▓▓▓▓▓▓▓▓▓▓▓▓▓▓▓▓▓▓▓▓▓▓


You could see an orc high priest, a sun demon (summoned), a sixfirhy (summoned)
and an orc.

Vanquished Creatures
  Snorg (D)
  A deep elf pyromancer (D)
  A shadow (D)
  A spatial vortex (D)
  4 orc warriors (D)
  A water elemental (D)
  A necrophage (D)
  A scorpion (D)
  A jelly (D)
  A wizard (D)
  An orc wizard (D)
  A necromancer (D)
  3 humans (D)
  A kobold demonologist (D)
  11 orcs (D)
  2 endoplasms (D)
  2 rats (D)
34 creatures vanquished.

Notes
Turn   | Place    | Note
-------+----------+-------------------------------------------
     0 | D        | sircluck the Troll Berserker began the quest for the Orb.
     0 | D        | Reached XP level 1. HP: 22/22 MP: 0/0
    40 | D        | Reached ** piety under Trog
    70 | D        | Reached skill level 4 in Unarmed Combat
    70 | D        | Reached XP level 2. HP: 21/31 MP: 1/1
    89 | D        | Noticed a scorpion
    93 | D        | Killed a scorpion
    94 | D        | Reached skill level 5 in Unarmed Combat
    94 | D        | Reached XP level 3. HP: 32/40 MP: 2/2
    94 | D        | Reached XP level 4. HP: 39/49 MP: 3/3
   114 | D        | Noticed a water elemental
   120 | D        | Killed a water elemental
   120 | D        | Reached *** piety under Trog
   121 | D        | Reached skill level 5 in Fighting
   121 | D        | Reached skill level 5 in Dodging
   121 | D        | Reached skill level 6 in Unarmed Combat
   121 | D        | Reached XP level 5. HP: 57/57 MP: 4/4
   166 | D        | Found a basalt altar of Yredelemnul.
   166 | D        | Found a shadowy altar of Dithmenos.
   166 | D        | Found a sacrificial altar of Ru.
   178 | D        | Reached skill level 7 in Unarmed Combat
   230 | D        | Noticed a shadow
   235 | D        | Reached **** piety under Trog
   239 | D        | Killed a shadow
   240 | D        | Reached skill level 8 in Unarmed Combat
   240 | D        | Reached XP level 6. HP: 35/71 MP: 5/5
   279 | D        | Found a blossoming altar of Fedhas.
   279 | D        | Found a stormy altar of Qazlal.
   279 | D        | Found a snail-covered altar of Cheibriados.
   279 | D        | Found a burning altar of Makhleb.
   279 | D        | Found a shimmering altar of Xom.
   279 | D        | Noticed a spatial vortex
   280 | D        | Found a hazy altar of Hepliaklqana.
   280 | D        | Found an opulent altar of Gozag.
   280 | D        | Found a sparkling altar of Nemelex Xobeh.
   280 | D        | Found a corrupted altar of Lugonu.
   280 | D        | Found a viscous altar of Jiyva.
   286 | D        | Killed a spatial vortex
   287 | D        | Reached skill level 9 in Unarmed Combat
   287 | D        | Reached XP level 7. HP: 54/79 MP: 6/6
   309 | D        | Found a hide-covered altar of Uskayaw.
   309 | D        | Found an iron altar of Okawaru.
   309 | D        | Found a bloodstained altar of Trog.
   309 | D        | Found an ornate altar of the Wu Jian Council.
   309 | D        | Noticed a human
   310 | D        | Noticed a human
   313 | D        | Killed a human
   321 | D        | Killed a human
   322 | D        | Reached skill level 10 in Unarmed Combat
   358 | D        | Found a radiant altar of Vehumet.
   358 | D        | Found a shimmering blue altar of Sif Muna.
   358 | D        | Found an ancient bone altar of Kikubaaqudgha.
   362 | D        | Reached ***** piety under Trog
   375 | D        | Found a glowing silver altar of Zin.
   375 | D        | Found a glowing golden altar of the Shining One.
   375 | D        | Found a white marble altar of Elyvilon.
   376 | D        | Noticed a deep elf pyromancer
   379 | D        | Killed a deep elf pyromancer
   380 | D        | Reached skill level 11 in Unarmed Combat
   380 | D        | Reached XP level 8. HP: 80/92 MP: 7/7
   410 | D        | Noticed Snorg
   420 | D        | Killed Snorg
   420 | D        | Received a gift from Trog
   421 | D        | Reached skill level 10 in Fighting
   421 | D        | Reached skill level 10 in Dodging
   421 | D        | Reached skill level 12 in Unarmed Combat
   470 | D        | Found Raliul's Jewellery Boutique.
   472 | D        | Noticed an orc high priest
   476 | D        | Reached XP level 9. HP: 102/102 MP: 8/8
   479 | D        | Reached skill level 1 in Armour
   480 | D        | Noticed a red devil
   489 | D        | Reached ****** piety under Trog
   497 | D        | Identified the +6 spear of Tortfeasance {heavy, rCorr}
                  | (Trog gifted it to you in the Dungeon)
   497 | D        | Received a gift from Trog
   506 | D        | Noticed a sixfirhy
   506 | D        | Noticed a sun demon
   512 | D        | HP: 6/153 [sun demon[an orc high priest] (26)]
   512 | D        | Slain by a sun demon

Illustrated notes

Levels and vault maps discovered:
D:        dungeon_sprint_mu [sprint_mu_entry_cave, sprint_mu_temple_rooms,
          sprint_mu_d1_horrors, sprint_mu_d2_genie, sprint_mu_d3_branching,
          sprint_mu_orc_legion, sprint_mu_elf_gauntlet, sprint_mu_hive_nellie,
          sprint_mu_lair_fedhas, sprint_mu_vaults_butterflies,
          sprint_mu_slime_circle, sprint_mu_swamp_cave, sprint_mu_shoals_archi,
          sprint_mu_blade_basic, sprint_mu_crypt_chambers,
          sprint_mu_tomb_spiral, sprint_mu_vestibule_basic,
          sprint_mu_gehenna_hellfire, sprint_mu_dis_giant,
          sprint_mu_tartarus_statrot, sprint_mu_cocytus_islands, sprint_mu_zot1]

Skill      XL: |  1  2  3  4  5  6  7  8  9 |
---------------+----------------------------+-----
Fighting       | 3 4 5 7 9 10 | 10.6
Dodging        | 3 4 5 7 9 10 | 10.5
Unarmed Combat | 4 5 6 8 9 11 12 | 12.4
Armour         | 2 |  2.3

Action                     |  1- 3 |  4- 6 |  7- 9 || total
---------------------------+-------+-------+-------++-------
  Melee: Unarmed           |    19 |    28 |    63 ||   110
         Punch             |       |     1 |     5 ||     6
 Invoke: Berserk           |       |     1 |     2 ||     3
 Armour: Animal skin       |    11 |    10 |    22 ||    43
         Troll leather arm |       |       |    29 ||    29
  Dodge: Dodged            |     6 |     6 |    25 ||    37

Table legend: (Time is in decaauts)
 A = Elapsed time spent in this place.
 B = Non-inter-level travel time spent in this place.
 C = Inter-level travel time spent in this place.
 D = Time resting spent in this place.
 E = Time spent auto-exploring this place.
 F = Levels seen in this place.
 G = Mean time per level.
                   A        B        C        D        E       F      G
               +--------+--------+--------+--------+--------+-----+--------+
         Total |    509 |    496 |     13 |    150 |    128 |   1 |  509.0 |
       Dungeon |    509 |    496 |     13 |    150 |    128 |   1 |  509.0 |
               +--------+--------+--------+--------+--------+-----+--------+

Top non-repeatable levels by time:
       D: 509 daAuts
